 Dungeon Crawl Stone Soup version 0.25.1-2-g60ff931df9 (webtiles) character file.

Game seed: 11610862128190620909

1013 raphialitos the Shield-Bearer (level 8, 0/61 HPs)
             Began as a Formicid Fighter on Oct 9, 2020.
             Was a Believer of Okawaru.
             Killed by divine providence
             ... invoked by an orc priest
              (15 damage)
             ... on level 5 of the Dungeon.
             The game lasted 00:11:45 (4314 turns).

raphialitos the Shield-Bearer (Formicid Fighter)    Turns: 4314, Time: 00:11:45

Health: 0/61       AC: 10    Str: 22    XL:     8   Next: 45%
Magic:  8/8        EV: 10    Int:  9    God:    Okawaru [**....]
Gold:   238        SH: 10    Dex: 10    Spells: 7/7 levels left

rFire    . . .     SeeInvis +   a - +0 war axe
rCold    . . .     Gourm    .   c - +0 kite shield
rNeg     . . .     Faith    +   A - +3 ring mail
rPois    .         Spirit   .   (helmet unavailable)
rElec    .         Reflect  .   (no cloak)
rCorr    +         Harm     .   p - +0 pair of gloves
MR       .....                  (no boots)
Stlth    +.........             y - amulet of faith
HPRegen  0.20/turn              t - ring of wizardry
MPRegen  0.11/turn              u - ring of resist corrosion

@: no status effects
A: permanent stasis, dig shafts and tunnels, four strong arms, antennae 3
a: Dig, Shaft Self, Heroism, Renounce Religion


You were on level 5 of the Dungeon.
You worshipped Okawaru.
Okawaru was pleased with you.
You were not hungry.

You visited 1 branch of the dungeon, and saw 5 of its levels.
You also visited: Sewer.

You collected 238 gold pieces.

Inventory:

Hand Weapons
 a - a +0 war axe (weapon)
 C - a +0 shortbow
Missiles
 e - 42 sling bullets
 g - 10 poisoned darts (quivered)
 q - 46 arrows
 D - 26 bolts
Armour
 b - a +0 scale mail
 c - a +0 kite shield (worn)
 p - a +0 pair of gloves (worn)
 A - a +3 ring mail (worn)
Jewellery
 t - a ring of wizardry (left hand)
 u - a ring of resist corrosion (right hand)
 y - an amulet of faith (around neck)
Wands
 j - a wand of acid (10)
 s - a wand of digging (2)
Scrolls
 h - 2 scrolls of amnesia
 i - a scroll of remove curse
 k - 6 scrolls of identify
 n - 3 scrolls of fear {unknown}
 v - 3 scrolls of magic mapping {unknown}
 F - a scroll of enchant armour {unknown}
Potions
 d - 2 potions of might
 m - 2 potions of degeneration {unknown}
 o - a potion of resistance {unknown}
 r - 3 potions of stabbing {unknown}
 w - a potion of mutation {unknown}
 x - 4 potions of curing {unknown}
 z - a potion of brilliance {unknown}
 B - a potion of ambrosia {unknown}
Comestibles
 f - 10 rations
 E - 5 chunks of flesh


   Skills:
 + Level 4.8 Fighting
 + Level 5.6 Axes
 + Level 0.7 Bows
 + Level 0.4 Throwing
 + Level 5.4 Armour
 + Level 2.1 Dodging
 + Level 0.8 Stealth
 + Level 6.5 Shields


You had 7 spell levels left.
You didn't know any spells.
Your spell library was empty.

Dungeon Overview and Level Annotations

Branches:
Dungeon (5/15)             Temple (0/1) D:5           Sewer (visited)

Altars:
Elyvilon
Fedhas
Hepliaklqana
Okawaru
Qazlal
Vehumet
Yredelemnul
The Shining One


Innate Abilities, Weirdness & Mutations

You cannot be hasted, slowed, berserked, paralysed or teleported.
You can dig through walls and to a lower floor.
Your four strong arms can wield two-handed weapons with a shield.
You have a pair of large antennae on your head. (SInv)


Message History

Beogh smites you!
* * * LOW HITPOINT WARNING * * *
You barely miss the orc.
The orc is heavily wounded.
The orc barely misses you.
The orc priest casts a cantrip, but nothing happens.
You closely miss the orc.
The orc is heavily wounded.
The orc barely misses you. The orc hits you with a +0 club.
* * * LOW HITPOINT WARNING * * *
You closely miss the orc.
The orc is heavily wounded.
The orc priest casts a cantrip, but nothing happens.
The orc barely misses you.
Things that are here:
a +0 dagger; a +0 robe; a scroll of identify The orc priest looks encouraged for a moment.
The orc priest calls down the wrath of Beogh upon you.
Beogh smites you!
You die...

######..#.# #..#.#
#..#.# #.)#.#
#..#.#
#..#.#######
#........... .
#.##.#########o...
#. #...@.o.(ooo..<
## ##########ro(..
... { .


You could see 3 orc priests, 3 orcs and a quokka.

Vanquished Creatures
  Grinder (D:3)
  Purgy (Sewer)
  An ogre (D:4)
  A big kobold (D:4)
  A scorpion (D:5)
  A crimson imp (D:5)
  A hound (D:3)
  A bullfrog skeleton (D:4)
  2 iguanas (D:4)
  Jessica (D:3)
  An orc wizard (D:5)
  5 worker ants
  3 gnolls (D:3)
  7 adders
  A shadow imp (D:5)
  3 oozes
  An adder skeleton (D:5)
  2 worms
  2 dart slugs
  4 leopard geckos
  6 orcs
  3 ball pythons
  5 giant cockroaches
  7 goblins
  5 hobgoblins
  4 jackals
  11 kobolds
  3 quokkas
  8 bats
  6 frilled lizards
  10 rats
108 creatures vanquished.

Notes
Turn   | Place    | Note
-------+----------+-------------------------------------------
     0 | D:1      | raphialitos the Formicid Fighter began the quest for the
                  | Orb.
     0 | D:1      | Reached XP level 1. HP: 18/18 MP: 1/1
    87 | D:1      | Reached skill level 4 in Shields
    94 | D:1      | Reached XP level 2. HP: 24/24 MP: 2/2
   323 | D:1      | Reached XP level 3. HP: 26/30 MP: 3/3
   950 | D:2      | Reached XP level 4. HP: 36/37 MP: 4/4
  1069 | D:2      | Found an iron altar of Okawaru.
  1075 | D:2      | Became a worshipper of Warmaster Okawaru
  1208 | D:2      | Found a hazy altar of Hepliaklqana.
  1296 | D:2      | Found a glowing golden altar of the Shining One.
  1813 | D:3      | Noticed Jessica
  1817 | D:3      | Killed Jessica
  1817 | D:3      | Reached XP level 5. HP: 42/42 MP: 5/5
  2276 | D:3      | Noticed Grinder
  2299 | D:3      | Killed Grinder
  2299 | D:3      | Reached * piety under Okawaru
  2299 | D:3      | Reached skill level 1 in Dodging
  2299 | D:3      | Reached skill level 5 in Shields
  2299 | D:3      | Reached XP level 6. HP: 35/48 MP: 6/6
  2299 | D:3      | Reached XP level 7. HP: 40/54 MP: 7/7
  2433 | D:3      | Found a basalt altar of Yredelemnul.
  2433 | D:3      | Found a radiant altar of Vehumet.
  2508 | D:3      | Found a white marble altar of Elyvilon.
  2530 | D:3      | You fall into a shaft and drop 1 floor!
  2706 | D:4      | Found a glowing drain.
  2715 | Sewer    | Entered a sewer
  2742 | Sewer    | Noticed Purgy
  2756 | Sewer    | Killed Purgy
  2756 | Sewer    | Reached skill level 5 in Armour
  2876 | Sewer    | Reached ** piety under Okawaru
  3315 | D:4      | Reached skill level 5 in Axes
  3328 | D:4      | Reached XP level 8. HP: 54/61 MP: 8/8
  3468 | D:4      | Reached skill level 6 in Shields
  3844 | D:5      | Entered Level 5 of the Dungeon
  3844 | D:5      | Found a staircase to the Ecumenical Temple.
  4093 | D:5      | Found a stormy altar of Qazlal.
  4103 | D:5      | Found a blossoming altar of Fedhas.
  4314 | D:5      | Killed from afar by an orc priest

Illustrated notes

Levels and vault maps discovered:
D:1:      dpeg_arrival_ratfight, layout_loops_ring, minmay_tetromino_t4
D:2:      layout_basic, lemuel_round_altar, old_standard_altar,
          okawaru_gym_becter
D:3:      layout_basic, gammafunk_temple_overflow_forgotten,
          makhleb_heckhound_becter, uniq_grinder, uniq_ijyb, uniq_jessica
D:4:      layout_basic, cheibrodos_sewer_entry_drain
D:5:      layout_loops_ring, grunt_temple_overflow_forces_of_nature,
          lemuel_coloured_pillars_altar, minmay_temple_entry_statues_fountains,
          first_ration, basic_altar

Skill      XL: |  1  2  3  4  5  6  7  8 |
---------------+-------------------------+-----
Shields        | 4 5 6 |  6.5
Axes           | 3 4 5 |  5.6
Armour         | 4 5 |  5.4
Fighting       | 4 |  4.8
Dodging        | 1 2 |  2.1
Bows           | |  0.7
Throwing       | |  0.4
Stealth        | |  0.8

Action                   |  1- 3 |  4- 6 |  7- 9 || total
-------------------------+-------+-------+-------++-------
Melee: War axe           |    96 |   137 |   197 ||   430
 Fire: Shortbow          |       |       |    35 ||    35
Throw: Dart              |       |     4 |       ||     4
  Use: Scroll            |     6 |       |       ||     6
       Potion            |       |       |     1 ||     1
  Eat: Chunk             |       |     3 |     5 ||     8
       Ration            |       |       |     1 ||     1
Armor: Scale mail        |    35 |    81 |    74 ||   190
       Ring mail         |       |       |    30 ||    30
Dodge: Dodged            |    34 |    58 |    63 ||   155
Block: Kite shield       |    65 |    90 |   123 ||   278
